 Dungeon Crawl Stone Soup version 0.31-a0-187-gba352fbbf7 (webtiles) character file.

Game seed: 3577085102221428452

4 qw the Shooter (level 1, -4/12 HPs)
             Began as a Deep Elf Hunter on June 22, 2023.
             Slain by a gnoll
             ... wielding a +1 heavy spear
              (7 damage)
             ... on level 1 of the Dungeon.
             The game lasted 00:00:02 (103 turns).

qw the Shooter (Deep Elf Hunter)                     Turns: 103, Time: 00:00:03

Health: -4/12      AC:  3    Str:  8    XL:     1   Next: 50%
Magic:  3/3        EV: 12    Int: 13    God:
Gold:   33         SH:  0    Dex: 18    Spells: 0/0 levels left

rFire   . . .        a - +0 shortbow
rCold   . . .        (shield currently unavailable)
rNeg    . . .        c - +0 leather armour
rPois   .            (no helmet)
rElec   .            (no cloak)
rCorr   .            (no gloves)
SInv    .            (no boots)
Will    .....        (no amulet)
Stlth   ++           (no ring)
HPRegen 0.22/turn    (no ring)
MPRegen 0.08/turn

%: no passive effects
@: no status effects
A: no striking features
a: no special abilities


You were on level 1 of the Dungeon.
You visited 1 branch of the dungeon, and saw 1 of its levels.

You collected 33 gold pieces.


   Skills:
 - Level 1.5 Fighting
 + Level 5.6 Ranged Weapons
 - Level 2.4 Dodging
 - Level 1.2 Stealth


You couldn't memorise any spells.
You didn't know any spells.
Your spell library was empty.

Inventory:

Hand Weapons
 a - a +0 shortbow (weapon)
Armour
 c - a +0 leather armour (worn)
Scrolls
 b - a scroll of butterflies
 d - a scroll of identify {unknown}
 e - 2 scrolls of teleportation {unknown}

Dungeon Overview and Level Annotations

Branches:
Dungeon (1/15)

Altars:


Message History

e - 2 scrolls labelled OSEROM JYKHU You open the door.
There is an open door here.
You now have 33 gold pieces (gained 16).
A frilled lizard comes into view.
You shoot an arrow. The arrow hits the frilled lizard!
You kill the frilled lizard!
A goblin comes into view. It is wielding a +0 dagger.
The goblin shouts!
You shoot an arrow. The arrow hits the goblin!
You kill the goblin!
You open the door.
A rat, 2 jackals and an endoplasm come into view.
The endoplasm quivers.
You shoot an arrow. The arrow hits the rat!
You kill the rat!
The jackal barks! x2
A gnoll comes into view. It is wielding a +1 heavy spear.
The gnoll shouts!
You shoot an arrow. The arrow barely misses the jackal.
The arrow hits the jackal.
The jackal is heavily wounded.
A jackal comes into view.
The jackal barely misses you. The jackal misses you.
You shoot an arrow. The arrow barely misses the jackal. x3
The jackal barks!
The jackal closely misses you.
The gnoll hits you from afar with a +1 heavy spear!
Ouch! That really hurt!
The jackal bites you.
You shoot an arrow. The arrow barely misses the jackal.
The arrow hits the jackal.
The jackal is moderately wounded.
The gnoll closely misses you.
You shoot an arrow. The arrow hits the jackal.
The jackal is severely wounded.
The jackal closely misses you.
The gnoll hits you from afar with a +1 heavy spear!
Ouch! That really hurt!
You die...

#....###
#.'<.+. #....#
#.#..#. ##'###
#.####. ##.###
#...... #....#
# #######
#....# .#
#....# ..#
#....###g..###
#.....@hhh....
#^..####J..###
#...# ..#
#...# .# #...#
# #.).# #...
####


You could see a gnoll, an endoplasm and 3 jackals.

Vanquished Creatures
  A quokka (D:1)
  A frilled lizard (D:1)
  A goblin (D:1)
  2 rats (D:1)
5 creatures vanquished.

Notes
Turn   | Place    | Note
-------+----------+-------------------------------------------
     0 | D:1      | qw the Deep Elf Hunter began the quest for the Orb.
     0 | D:1      | Reached XP level 1. HP: 12/12 MP: 3/3
     0 | D:1      | 0 ||| qw: Version: 0.3-a-9-g12657ce
     0 | D:1      | 0 ||| qw: Game counter: 2081
     0 | D:1      | 0 ||| qw: Always use a shield: true
     0 | D:1      | 0 ||| qw: God list: Okawaru
     0 | D:1      | 0 ||| qw: Allow faded altars: false
     0 | D:1      | 0 ||| qw: Do Orc after D:15 true
     0 | D:1      | 0 ||| qw: Do second Lair branch before Depths: true
     0 | D:1      | 0 ||| qw: Lair rune preference: random
     0 | D:1      | 0 ||| qw: Plans: Normal
     0 | D:1      | 0 ||| PLANNING D:1-11
    56 | D:1      | 56 ||| DROPPING +4 sling.
   101 | D:1      | HP: 3/12 [gnoll/+1 heavy spear (9)]
   103 | D:1      | Slain by a gnoll

Levels and vault maps discovered:
D:1:      ncdulo_smallfort, layout_basic, minmay_pentomino_v2

Action                     || total
---------------------------++-------
   Fire: Shortbow          ||    11
  Dodge: Dodged            ||     5

Table legend:
 A = Non-vault XP
 B = Vault XP
 C = Vault XP percentage of total XP
 D = Non-vault monster count
 E = Vault monster count
 F = Vault count percentage of total count
                 A         B        C        D         E       F
            +---------+---------+-------+---------+---------+-------
      Total |       3 |       3 |  50.0 |       3 |       2 |  40.0
            +---------+---------+-------+---------+---------+-------
        D:1 |       3 |       3 |  50.0 |       3 |       2 |  40.0
            +---------+---------+-------+---------+---------+-------
